 Dungeon Crawl Stone Soup version 0.31-a0-968-g24f9ace8b5 (webtiles) character file.

Game seed: 1211960135900569951

1644486 timneilson the Impregnable (level 27, 165/175 HPs)
             Began as a Gargoyle Fighter on Oct 27, 2023.
             Was an Elder of Okawaru.
             Escaped with the Orb
             ... and 3 runes on Oct 28, 2023!
             The game lasted 04:44:05 (73501 turns).

timneilson the Impregnable (Gargoyle Fighter)      Turns: 73501, Time: 04:44:06

Health: 165/175    AC: 69    Str: 22    XL:     27
Magic:  35/35      EV: 16    Int:  8    God:    Okawaru [****..]
Gold:   4715       SH: 33    Dex: 27    Spells: 26/26 levels left

rFire   + + +        i - +2 Maxwell's thermic engine {flame, freeze, rev}
rCold   + + .        y - +1 tower shield {reflect}
rNeg    + . .        M - +9 scales of the Dragon King {rPois rF+ rC+ Will+}
rPois   ∞            (no helmet)
rElec   +            b - +2 cloak
rCorr   +            Q - +1 pair of gloves
SInv    +            A - +2 pair of boots of the Grue {rElec Str-4 Dex+4 SInv}
Will    +++++        k - amulet "Esykasakk" {Reflect Fly rF+ Will+ Slay+3 SH+5} Stlth
                     o - ring of Zode {rF+ rC+ rCorr}
HPRegen 0.49/turn    S - ring "Bugeucusigh" {rElec Will+ rCorr Str+6 Int-3}
MPRegen 0.24/turn

%: reflection
@: flying, studying Earth Magic
A: sickness immunity, AC +20, big wings, negative energy resistance 1,
electricity resistance, torment resistance 1, petrification resistance,
iridescent scales 1, agile 1
0: Orb of Zot
}: 3/15 runes: decaying, serpentine, silver
a: Renounce Religion, Heroism, Finesse


You escaped.
You worshipped Okawaru.
Okawaru was greatly pleased with you.
You visited 11 branches of the dungeon, and saw 51 of its levels.
You also visited: Ice Cave and Wizlab.

You collected 9213 gold pieces.
You spent 4498 gold pieces at shops.

Inventory:

Hand Weapons
 i - the +2 Maxwell's thermic engine (weapon) {flame, freeze, rev}
   (You acquired it on level 3 of the Swamp)
Missiles
 H - 34 silver javelins
Armour
 b - a +2 cloak (worn)
 y - a +1 tower shield of reflection (worn)
 A - the +2 pair of boots of the Grue (worn) {rElec Str-4 Dex+4 SInv}
   (You found it on level 7 of the Dungeon)

   Str-4:     It affects your strength (-4).
   Dex+4:     It affects your dexterity (+4).
   rElec:     It insulates you from electricity.
   SInv:      It lets you see invisible.
 K - a +2 helmet
 M - the +9 scales of the Dragon King (worn) {rPois rF+ rC+ Will+}
   (You found it on level 4 of the Vaults)

   rF+:       It protects you from fire.
   rC+:       It protects you from cold.
   rPois:     It protects you from poison Will+: It increases your willpower.
 Q - a +1 pair of gloves (worn)
Jewellery
 k - the amulet "Esykasakk" (around neck) {Reflect Fly rF+ Will+ Slay+3 SH+5}
   (You bought it in a shop on level 1 of the Dungeon)

   [amulet of reflection]

   Reflect:   It reflects blocked missile attacks.
   Slay+3:    It affects your accuracy & damage with ranged weapons and melee
   (+3).
   rF+:       It protects you from fire.
   Will+:     It increases your willpower.
   Fly:       It grants you flight.
   SH+5:      It affects your SH (+5).
 o - the ring of Zode (left hand) {rF+ rC+ rCorr}
   (You bought it in a shop on level 2 of the Dungeon)

   [ring of resist corrosion]

   rF+:       It protects you from fire.
   rC+:       It protects you from cold.
   rCorr:     It protects you from acid and corrosion.
 r - a ring of magical power
 v - the ring of Menou {rC+ MP+9 Int-5 Dex+3}
   (You took it off a deep elf elementalist on level 3 of the Elven Halls)

   [ring of protection from cold]

   Int-5:     It affects your intelligence (-5).
   Dex+3:     It affects your dexterity (+3).
   rC+:       It protects you from cold.
   MP+9:      It affects your magic capacity (+9).
 F - the ring of the Firefly {Wiz rElec rN+ rCorr Slay+3}
   (You found it on level 8 of the Dungeon)

   [ring of wizardry]

   Wiz:       It improves your spell success rate.
   Slay+3:    It affects your accuracy & damage with ranged weapons and melee
   (+3).
   rElec:     It insulates you from electricity.
   rN+:       It protects you from negative energy.
   rCorr:     It protects you from acid and corrosion.
 N - the ring of Kuirghix {rF++ Will+ Str-2 Dex+6 SInv}
   (You found it on level 5 of the Vaults)

   [ring of dexterity]

   Str-2:     It affects your strength (-2).
   Dex+6:     It affects your dexterity (+6).
   rF++:      It greatly protects you from fire.
   Will+:     It increases your willpower.
   SInv:      It lets you see invisible.
 S - the ring "Bugeucusigh" (right hand) {rElec Will+ rCorr Str+6 Int-3}
   (You found it on level 5 of the Lair of Beasts)

   [ring of strength]

   Str+6:     It affects your strength (+6).
   Int-3:     It affects your intelligence (-3).
   rElec:     It insulates you from electricity.
   Will+:     It increases your willpower.
   rCorr:     It protects you from acid and corrosion.
 T - the ring of the Garden {rN++ MP+9 Str+2 Int-4 Dex-4}
   (You found it in an ice cave)

   [ring of magical power]

   Str+2:     It affects your strength (+2).
   Int-4:     It affects your intelligence (-4).
   Dex-4:     It affects your dexterity (-4).
   rN++:      It greatly protects you from negative energy.
   MP+9:      It affects your magic capacity (+9).
Wands
 f - a wand of acid (31)
 u - a wand of roots (53)
 B - a wand of digging (8)
 C - a wand of flame (102)
 Z - a wand of mindburst (24)
Scrolls
 a - 4 scrolls of silence
 g - 3 scrolls of amnesia
 l - 14 scrolls of immolation
 m - 28 scrolls of teleportation
 p - 2 scrolls of enchant armour
 q - 16 scrolls of enchant weapon
 t - 11 scrolls of poison
 x - 11 scrolls of revelation
 E - 28 scrolls of identify
 L - 9 scrolls of fog
 O - 2 scrolls of blinking
 R - 10 scrolls of fear
 X - 4 scrolls of noise
Potions
 d - 8 potions of enlightenment
 e - 2 potions of berserk rage
 h - 5 potions of mutation
 j - 9 potions of attraction
 n - 29 potions of curing
 w - 12 potions of haste
 z - 7 potions of might
 D - 5 potions of ambrosia
 G - a potion of resistance
 U - a potion of invisibility
 V - 5 potions of cancellation
Miscellaneous
 c - a lightning rod (4/4)
 s - a tin of tremorstones (2/2)


   Skills:
 + Level 18.4 Fighting
 * Level 21.2 Long Blades
 * Level 26.2 Armour
 + Level 15.8 Dodging
 * Level 24.9 Shields
 + Level 17.7 Invocations
 + Level 15.1 Evocations


You had 26 spell levels left.
You didn't know any spells.
Your spell library contained the following spells:

 Spells                   Type           Power      Damage    Failure   Level
 Apportation              Tloc           0%         N/A       99%         1
 Foxfire                  Conj/Fire      0%         2x1d4     99%         1
 Freeze                   Ice            0%         1d3       99%         1
 Kiss of Death            Conj/Necr      0%         2d5       99%         1
 Magic Dart               Conj           0%         1d3       99%         1
 Necrotise                Necr           0%         1d4       99%         1
 Sandblast                Erth           0%         2d4       99%         1
 Slow                     Hex            0%         N/A       99%         1
 Sting                    Tmut/Pois      0%         1d3       99%         1
 Ensorcelled Hibernation  Hex/Ice        0%         N/A       100%        2
 Passwall                 Tmut/Erth      0%         N/A       100%        2
 Poisonous Vapours        Pois/Air       0%         N/A       100%        2
 Scorch                   Fire           0%         2d5       100%        2
 Static Discharge         Conj/Air       0%         3-3/arc   100%        2
 Confusing Touch          Hex            0%         N/A       100%        3
 Dazzling Flash           Conj/Hex       0%         N/A       100%        3
 Frozen Ramparts          Ice            0%         1d1       100%        3
 Hailstorm                Conj/Ice       0%         3d3       100%        3
 Ignite Poison            Fire/Tmut/Pois 0%         N/A       100%        3
 Inner Flame              Hex/Fire       0%         N/A       100%        3
 Mephitic Cloud           Conj/Pois/Air  0%         N/A       100%        3
 Ozocubu's Armour         Ice            0%         N/A       100%        3
 Sigil of Binding         Hex            0%         N/A       100%        3
 Stone Arrow              Conj/Erth      0%         3d7       100%        3
 Swiftness                Air            0%         N/A       100%        3
 Vampiric Draining        Necr           0%         2d6       100%        3
 Volatile Blastmotes      Fire/Tloc      0%         2d10      100%        3
 Airstrike                Air            0%         2d(0-16)  100%        4
 Anguish                  Hex/Necr       0%         N/A       100%        4
 Brom's Barrelling Bould  Conj/Erth      0%         2d3       100%        4
 Cause Fear               Hex            0%         N/A       100%        4
 Dimensional Bullseye     Hex/Tloc       0%         N/A       100%        4
 Dispel Undead            Necr           0%         3d6       100%        4
 Flame Wave               Conj/Fire      0%         2d4       100%        4
 Fulminant Prism          Conj/Hex       0%         3d5       100%        4
 Iskenderun's Mystic Bla  Conj/Tloc      0%         2d3       100%        4
 Leda's Liquefaction      Hex/Erth       0%         N/A       100%        4
 Olgreb's Toxic Radiance  Pois           0%         N/A       100%        4
 Passage of Golubria      Tloc           0%         N/A       100%        4
 Petrify                  Tmut/Erth      0%         N/A       100%        4
 Sticky Flame             Conj/Fire      0%         2d3       100%        4
 Vhi's Electric Charge    Tloc/Air       0%         N/A       100%        4
 Agony                    Necr           0%         N/A       100%        5
 Arcjolt                  Conj/Air       0%         1d10      100%        5
 Borgnjor's Vile Clutch   Necr/Erth      0%         N/A       100%        5
 Fireball                 Conj/Fire      0%         3d3       100%        5
 Freezing Cloud           Conj/Ice/Air   0%         6-21      100%        5
 Iskenderun's Battlesphe  Conj           0%         2d6       100%        5
 Lee's Rapid Deconstruct  Erth           0%         3d4*      100%        5
 Metabolic Englaciation   Hex/Ice        0%         N/A       100%        5
 Silence                  Hex/Air        0%         N/A       100%        5
 Yara's Violent Unravell  Hex/Tmut       0%         3d3       100%        5
 Bombard                  Conj/Erth      0%         9d1       100%        6
 Conjure Ball Lightning   Conj/Air       0%         3x3d6     100%        6
 Eringya's Noxious Bog    Tmut/Pois      0%         4d6       100%        6
 Plasma Beam              Fire/Air       0%         2x1d10    100%        6
 Starburst                Conj/Fire      0%         6d3       100%        6
 Enfeeble                 Hex            0%         N/A       100%        7
 Orb of Destruction       Conj           0%         9d5       100%        7
 Borgnjor's Revivificati  Necr           0%         N/A       100%        8
 Lehudib's Crystal Spear  Conj/Erth      0%         10d2      100%        8
 Maxwell's Capacitive Co  Air            0%         ∞         100%        8
 Chain Lightning          Conj/Air       0%         N/A       100%        9
 Death's Door             Necr           0%         N/A       100%        9
 Fire Storm               Conj/Fire      0%         5d1       100%        9
 Shatter                  Erth           0%         3d5*      100%        9
 Summon Small Mammal      Summ           Unusable   N/A       N/A         1
 Call Imp                 Summ           Unusable   N/A       N/A         2
 Cigotuvi's Dreadful Rot  Necr/Pois/Air  Unusable   N/A       N/A         2
 Sublimation of Blood     Necr           Unusable   N/A       N/A         2
 Call Canine Familiar     Summ           Unusable   N/A       N/A         3
 Tukima's Dance           Hex            Unusable   N/A       N/A         3
 Animate Armour           Summ/Erth      Unusable   N/A       N/A         4
 Animate Dead             Necr           Unusable   N/A       N/A         4
 Summon Ice Beast         Ice/Summ       Unusable   N/A       N/A         4
 Summon Lightning Spire   Summ/Air       Unusable   N/A       N/A         4
 Summon Forest            Summ/Tloc      Unusable   N/A       N/A         5
 Death Channel            Necr           Unusable   N/A       N/A         6
 Simulacrum               Ice/Necr       Unusable   N/A       N/A         6
 Summon Cactus Giant      Summ           Unusable   N/A       N/A         6
 Spellforged Servitor     Conj/Summ      Unusable   N/A       N/A         7
 Summon Hydra             Summ           Unusable   N/A       N/A         7
 Infestation              Necr           Unusable   N/A       N/A         8

Dungeon Overview and Level Annotations

Branches:
Dungeon (15/15)            Temple (1/1) D:4            Lair (5/5) D:11
  Swamp (4/4) Lair:3        Snake (4/4) Lair:3        Slime (0/5) Lair:4
    Orc (2/2) D:9             Elf (3/3) Orc:2        Vaults (5/5) D:13
  Crypt (3/3) Vaults:3       Tomb (0/3) Crypt:3      Depths (4/4) D:15
    Zot (5/5) Depths:4      IceCv (visited)          WizLab (visited)

Altars:
Ashenzari
Cheibriados
Dithmenos
Elyvilon
Fedhas
Gozag
Hepliaklqana
Kikubaaqudgha
Makhleb
Nemelex Xobeh
Okawaru
Qazlal
Ru
Sif Muna
Trog
Uskayaw
Vehumet
Wu Jian
Xom
Yredelemnul
Zin
The Shining One
Jiyva

Shops:
D:1 ?=!=(   D:2 (?=[   D:5 (   D:9 ?   Orc:1 =   Orc:2 (?:*   Elf:1 *=
Elf:2 *=*?   Snake:1 [   Snake:2 =   Snake:4 :

Portals:
Hell: Depths:1 Depths:2 Depths:3 Depths:4
Abyss: Depths:3
Pandemonium: Depths:2
Ziggurat: Depths:1
Trove: D:11 (give +5 ice dragon scales)

Annotations:
Lair:1 exclusion: orange crystal statue
Orc:1 1 runed translucent door
Elf:1 2 transporters, R007833r's ghost, adept MiBe
Crypt:2 3 runed translucent doors, Goociwk's ghost, adept GrFi


Innate Abilities, Weirdness & Mutations

You are immune to sickness and miasma.
Your stone body is resilient. (AC +20)
You are immune to poison.
Your large and strong wings let you fly.
You resist negative energy. (rN+)
You are resistant to electric shocks. (rElec)
You are resistant to unholy torment.
You are immune to petrification.
You are partially covered in iridescent scales. (AC +2)
You are agile. (Dex +4, Str/Int -1)


Message History

You kill the lorocyproca!
Okawaru accepts your kill.
The seraph gestures.
The cherub sings a powerful hymn!
The angels go into a battle-frenzy!
The angel dissolves into sparkling lights!
The seraph gestures.
The seraph begins to accept its allies' injuries.
Your extra speed is starting to run out.
The cherub unwields a +4 falchion of flaming.
It stops flaming.
The cherub wields a +0 shortbow.
The cherub shoots an arrow.
You block the arrow with your +1 tower shield of reflection... and reflect it back!
The arrow hits the angel.
The daeva calls down the wrath of the Shining One upon you.
The Shining One smites you!
The cherub sings a powerful hymn!
The cherub goes into a battle-frenzy!
The cherub shoots an arrow.
You block the arrow with your +1 tower shield of reflection... and reflect it back!
The arrow hits the cherub but does no damage.
The seraph shouts a warning to its allies!
The seraph shouts a warning to its allies!
You feel yourself slow down.
There is a stone staircase leading up here.
You block the angel's attack. The angel hits you but does no damage.
You fly upwards.
There is a stone staircase leading down here.
There is a stone staircase leading up here.
You fly upwards.
There is a stone staircase leading down here.
An Orb Guardian comes into view.
There is a stone staircase leading up here.
You fly upwards.
There is a stone staircase leading down here.
There is an escape hatch in the floor here.
There is an open door here.
There is an open door here.
There is an open door here.
There is an open door here.
There is a staircase leading out of the dungeon here.
You have escaped!

...####...'...'...'.⌠.#........##
.#.# #...#...#...#...#.######.##
.#.#####'###'###'###'##.######.##
.#....#...#...#...#...#.####.....
.######.⌠.#...'...#.⌠.######.....
....# #...#...#...#...#..........
###.# ##'###'###'###########.....
.##.# #...#...#...#...######.....
.##.###.⌠.#.⌠.#.@.#...+........##
....†.#...#.(.#...#...##.#######
......##'###########'###.#
###.###...#...#...#...#..#
#.###...'.⌠.'...'...'.##
#...#...#...#...#...#.#
##################+##.# ##### #.#
#....# ....# #.# ######


There were no monsters in sight!

Vanquished Creatures
  3 orbs of fire (Zot:5)
  Mennas (Depths:4)
  Mara (Vaults:3)
  5 ancient liches (Zot:5)
  2 juggernauts (Depths:3)
  Sojobo (Vaults:5)
  Frederick (Depths:2)
  6 Killer Klowns (Zot:5)
  Saint Roka (Elf:2)
  Margery (Vaults:3)
  5 caustic shrikes
  A curse toe (Zot:3)
  8 golden dragons
  Norris (Depths:3)
  Jory (Crypt:3)
  2 electric golems (Zot:5)
  A shard shrike zombie (Crypt:1)
  A Cloud Mage (WizLab)
  24 tentacled monstrosities
  Jorgrun (Orc:2)
  4 liches
  28 Orb Guardians
  A deep elf blademaster (Elf:2)
  5 quicksilver dragons
  A walking divine tome (Depths:3)
  3 deep elf master archers (Elf:3)
  8 titans
  4 sphinxes
  9 ancient champions
  7 death cobs
  7 shadow dragons
  2 thorn hunters (Swamp:2)
  3 revenants
  6 tengu reavers
  Aizul (Snake:3)
  2 fenstrider witches (Swamp:4)
  15 draconian monks
  12 storm dragons
  Donald (Elf:2)
  7 nagarajas
  6 draconian knights
  8 deep elf sorcerers
  The ghost of Tewoziw the Warrior, a journeyman FoFi of Okawaru (D:15)
  4 fire giants
  2 iron dragons
  20 vault wardens
  7 draconian scorchers
  A juggernaut zombie (D:15)
  Louise (Elf:2)
  8 draconian shifters
  5 ghost moths
  4 frost giants
  4 deep elf elementalists (Elf:3)
  An angel (D:4)
  7 draconian stormcallers
  8 ghouls
  An orc warlord (Vaults:4)
  20 ironbound preservers
  A reaper (Depths:2)
  3 war gargoyles
  A spriggan defender (Depths:3)
  10 stone giants
  4 draconian annihilators
  37 very ugly things
  A formless jellyfish (Vaults:3)
  A caustic shrike zombie (Crypt:2)
  2 juggernaut skeletons
  8 ironbound thunderhulks
  11 vampire knights
  A lorocyproca (D:4)
  5 eleionomae
  The ghost of Gadrel the Tainter, a journeyman NaGl of Nemelex Xobeh (Lair:5)
  13 green draconians
  4 deep elf annihilators (Elf:3)
  5 deep elf demonologists
  18 black draconians
  15 dire elephants
  25 white draconians
  21 red draconians
  6 yellow draconians
  17 purple draconians
  5 spark wasps
  2 bunyips
  6 deep elf death magi
  2 blizzard demons (WizLab)
  4 eidola
  2 merfolk impalers (Depths:1)
  11 fire dragons
  8 deep elf high priests
  A crystal guardian (Vaults:2)
  9 ettins
  16 yaktaur captains
  10 jiangshi (Crypt:3)
  4 great orbs of eyes
  An entropy weaver (Vaults:5)
  3 ice dragons
  4 ghost crabs
  21 hydras
  3 shambling mangroves (Swamp:2)
  3 rakshasas
  Josephine (D:10)
  A spriggan zombie (Crypt:3)
  36 vault guards
  A peacekeeper (Vaults:2)
  3 ogre magi
  5 spriggan air magi
  12 ironbound frosthearts
  3 death knights
  2 fenstrider witch skeletons
  16 anacondas
  8 centaur warriors
  5 catoblepae
  28 dancing weapons
  2 spectral frost giants (D:15)
  12 death yaks (Lair:5)
  9 naga warriors
  8 deep troll earth magi
  7 two-headed ogres
  11 alligators
  3 deep troll shamans
  An orc high priest (Elf:1)
  A spectral fire giant (D:15)
  12 vampire magi
  6 boulder beetles
  Urug (Lair:4)
  7 tengu warriors
  6 spriggan berserkers
  14 hell knights
  10 naga sharpshooters
  An occultist (Depths:1)
  7 shock serpents
  A soul eater (Crypt:3)
  Amaemon (Lair:3)
  A storm dragon zombie (Crypt:3)
  18 deep elf knights
  2 fire crabs (Swamp:4)
  2 shadow wraiths
  32 skeletal warriors
  3 iron trolls
  6 golden dragon zombies
  An anaconda zombie (Crypt:3)
  6 death drakes
  3 goliath frogs
  6 spriggan druids
  4 sea snakes (Snake:4)
  3 skysharks (Depths:3)
  A death drake (shapeshifter) (Vaults:5)
  6 naga ritualists
  4 glowing orange brains
  2 flayed ghosts
  2 shadow demons
  10 swamp dragons
  12 deep elf archers
  25 deep elf zephyrmancers
  41 deep trolls
  A spectral iron dragon (D:15)
  A lindwurm (shapeshifter) (D:15)
  8 necromancers
  20 phantasmal warriors
  20 ironbound convokers
  18 lindwurms
  12 bog bodies
  10 harpies
  5 arcanists
  A jorogumo zombie (Crypt:3)
  An iron giant skeleton (Crypt:3)
  13 orc knights
  36 deep elf pyromancers
  A wolf spider zombie (Crypt:3)
  7 mana vipers
  A wolf spider (Vaults:4)
  6 will-o-the-wisps
  An oklob plant (Swamp:2)
  A wolf spider (shapeshifter) (Vaults:5)
  62 ugly things
  2 orc sorcerers
  4 cyclopes
  27 moths of wrath
  A shining eye (shapeshifter) (Vaults:4)
  A human zombie (Vaults:1)
  10 salamanders
  6 manticores
  10 elephants
  30 black mambas
  An iron dragon skeleton (Crypt:2)
  5 apocalypse crabs (WizLab)
  A stone giant skeleton (Crypt:2)
  A black mamba (shapeshifter) (Vaults:4)
  A smoke demon (Depths:2)
  3 ice statues (IceCv)
  7 guardian serpents
  17 naga magi
  An orange demon (Lair:3)
  A water nymph (shapeshifter) (D:12)
  17 vault sentinels
  8 spectral spriggans (Swamp:1)
  A gargoyle (D:8)
  5 kobold demonologists
  A yaktaur zombie (Vaults:1)
  An unseen horror (D:13)
  A spark wasp simulacrum (D:15)
  5 freezing wraiths
  10 cane toads
  3 rime drakes
  38 yaktaurs
  An efreet (D:13)
  2 tengu conjurers
  A spectral human (D:15)
  2 black draconian skeletons
  2 tormentors
  A yaktaur (shapeshifter) (Vaults:5)
  4 guardian mummies (Crypt:3)
  A silent spectre (Vaults:3)
  An iron troll skeleton (Crypt:3)
  6 komodo dragons
  4 polar bears
  11 tyrant leeches
  A bloated husk (Swamp:1)
  6 trolls
  A hornet (shapeshifter) (Elf:2)
  3 meliai (D:12)
  A harpy zombie (Crypt:3)
  Prince Ribbit (D:5)
  2 wind drakes (WizLab)
  8 blink frogs
  12 hornets
  4 dream sheep (Lair:4)
  A fire giant simulacrum (D:15)
  A human simulacrum (Vaults:1)
  A frost giant simulacrum (D:15)
  A guardian serpent skeleton (Crypt:2)
  4 flying skulls (Vaults:3)
  12 air elementals
  15 slime creatures
  16 wraiths
  A culicivora (Vaults:5)
  23 vampires
  2 shadows
  2 centaur simulacra
  2 dire elephant simulacra
  4 water elementals
  2 wyverns
  17 spriggans
  95 yaks
  2 fire elementals (Elf:3)
  A golden eye (shapeshifter) (Vaults:5)
  A basilisk (shapeshifter) (Vaults:5)
  10 basilisks
  19 humans (D:13)
  A wind drake skeleton (Crypt:2)
  An alligator snapping turtle simulacrum (Crypt:2)
  2 steam dragons
  6 wargs
  4 redbacks
  Edmund (D:4)
  2 death yak simulacra
  25 vampire mosquitoes
  A harpy simulacrum (IceCv)
  A two-headed ogre zombie (Crypt:1)
  36 nagas
  A naga zombie (Crypt:3)
  9 swamp worms
  10 water moccasins
  A demonspawn skeleton (Crypt:2)
  2 acid dragons
  A hydra simulacrum (Crypt:2)
  A deep troll skeleton (Crypt:2)
  A fire bat skeleton (Crypt:1)
  9 swamp drakes (Swamp:4)
  58 orc warriors
  A sky beast (D:8)
  5 ice beasts
  3 black bears
  4 boggarts (Lair:4)
  24 wolves
  14 centaurs
  6 ogres
  A blink frog skeleton (Crypt:2)
  A torpor snail zombie (Crypt:3)
  A phantom (D:7)
  A draconian zombie (Crypt:3)
  3 kobold brigands
  Blork the orc (D:4)
  A cane toad simulacrum (IceCv)
  A gnoll sergeant (D:12)
  16 bullfrogs
  2 earth elementals
  A glowing shapeshifter simulacrum (Vaults:3)
  5 two-headed ogre simulacra (Orc:1)
  A cyclops zombie (Crypt:1)
  A human skeleton (Vaults:1)
  3 scorpions
  A water moccasin zombie (Crypt:3)
  13 wights
  2 water moccasin skeletons (Crypt:1)
  An oklob sapling (Swamp:2)
  3 killer bees (D:11)
  6 howler monkeys
  6 electric eels
  A lava snake (Swamp:4)
  3 hounds
  Crazy Yiuf (D:5)
  14 orc priests
  8 jellies
  6 iguanas
  A sleepcap (D:4)
  Terence (D:2)
  5 hell rats (Lair:1)
  31 orc wizards
  A troll simulacrum (Orc:1)
  2 polar bear simulacra (IceCv)
  An ogre zombie (Crypt:3)
  An acid dragon zombie (Crypt:1)
  Robin (D:2)
  6 gnolls
  5 adders
  A naga simulacrum (Orc:1)
  3 shadow imps (D:7)
  5 ufetubi
  5 worms
  2 dart slugs
  116 orcs
  7 ball pythons
  An endoplasm (shapeshifter) (Vaults:5)
  2 endoplasms
  10 giant cockroaches
  15 goblins
  13 hobgoblins
  17 kobolds
  5 quokkas
  3 bats
  An endoplasm zombie (Crypt:3)
  2 frilled lizards (D:3)
  A goblin skeleton (Crypt:2)
  7 rats
2413 creatures vanquished.

Vanquished Creatures (others)
  A fire giant (Vaults:5)
  A draconian knight (Zot:5)
  A curse skull (Crypt:1)
  A deep elf demonologist (Vaults:4)
  A spriggan air mage (WizLab)
  An alligator (Swamp:4)
  A fire crab (Swamp:4)
  2 will-o-the-wisps (Swamp:1)
  A manticore (D:13)
  3 bloated husks (Swamp:1)
  A hornet (Swamp:2)
  An air elemental (WizLab)
  A large abomination (D:15)
  A spriggan (Swamp:4)
  3 steam dragons (Swamp:4)
  A vampire mosquito (Swamp:3)
  A small abomination (D:15)
  2 swamp drakes (Swamp:4)
  2 kobolds (D:10)
  3 ball lightnings (D:15)
  55 foxfires
84 creatures vanquished.

Grand Total: 2497 creatures vanquished

Notes
Turn   | Place    | Note
-------+----------+-------------------------------------------
     0 | D:1      | timneilson the Gargoyle Fighter began the quest for the
                  | Orb.
     0 | D:1      | Reached XP level 1. HP: 14/14 MP: 1/1
    73 | D:1      | Found Timaur's Distillery.
   126 | D:1      | Reached XP level 2. HP: 17/19 MP: 2/2
   159 | D:1      | Found Ofeett's Jewellery Shop.
   437 | D:1      | Found Zanew's Magic Scroll Shoppe.
   532 | D:1      | Reached XP level 3. HP: 21/23 MP: 3/3
   709 | D:1      | Found Yclugg's Antique Weapon Boutique.
   889 | D:1      | Found Ompuega's Jewellery Emporium.
   980 | D:2      | Found Ziff's Magic Scroll Shoppe.
   980 | D:2      | Noticed Terence
   989 | D:2      | Killed Terence
   990 | D:2      | Reached XP level 4. HP: 23/28 MP: 4/4
  1112 | D:2      | Found Zailujaf's Jewellery Shoppe.
  1118 | D:2      | Found Saole's Antique Armour Emporium.
  1137 | D:2      | Reached skill level 4 in Armour
  1204 | D:2      | Reached skill level 1 in Dodging
  1257 | D:2      | Found Coqoem's Weapon Emporium.
  1272 | D:2      | Noticed Robin
  1318 | D:2      | Killed Robin
  1341 | D:2      | Found a shadowy altar of Dithmenos.
  1754 | D:3      | Reached XP level 5. HP: 33/33 MP: 5/5
  2463 | D:4      | Found a staircase to the Ecumenical Temple.
  2608 | D:4      | Found a bloodstained altar of Trog.
  2797 | D:4      | Reached XP level 6. HP: 29/38 MP: 6/6
  2884 | D:4      | Noticed Edmund
  2896 | D:4      | Killed Edmund
  2899 | D:4      | Noticed Blork the orc
  2908 | D:4      | Killed Blork the orc
  2909 | D:4      | Reached skill level 5 in Armour
  2909 | D:4      | Reached skill level 5 in Shields
  2909 | D:4      | Reached XP level 7. HP: 13/43 MP: 7/7
  3190 | D:4      | Identified a scroll of acquirement
  3190 | D:4      | Acquired 1112 gold pieces
  3265 | D:1      | Bought the amulet "Esykasakk" {Reflect Fly rF+ Will+ Slay+3
                  | SH+5} for 707 gold pieces
  3303 | D:2      | Bought the ring of Zode {rF+ rC+ rCorr} for 410 gold pieces
  3307 | D:2      | Bought a runed cloak for 165 gold pieces
  3391 | D:5      | Entered Level 5 of the Dungeon
  3585 | Temple   | Entered the Ecumenical Temple
  3608 | Temple   | Became a worshipper of Warmaster Okawaru
  3743 | D:5      | Found a runed translucent door.
  3744 | D:5      | Noticed Crazy Yiuf
  4004 | D:5      | Found Urcheczi's Antique Weapon Shoppe.
  4013 | D:5      | Reached skill level 1 in Invocations
  4013 | D:5      | Reached XP level 8. HP: 41/48 MP: 8/8
  4041 | D:5      | Noticed Prince Ribbit
  4067 | D:5      | Killed Prince Ribbit
  4067 | D:5      | Reached * piety under Okawaru
  4068 | D:5      | Reached skill level 6 in Armour
  4068 | D:5      | Reached skill level 1 in Evocations
  4423 | D:6      | Reached skill level 5 in Fighting
  4881 | D:6      | Reached skill level 5 in Long Blades
  4935 | D:6      | Reached XP level 9. HP: 54/54 MP: 10/10
  5467 | D:6      | Reached ** piety under Okawaru
  5468 | D:6      | Reached skill level 7 in Armour
  6475 | D:7      | Identified the +2 pair of boots of the Grue {rElec Str-4
                  | Dex+4 SInv}
  7251 | D:7      | Reached XP level 10. HP: 49/60 MP: 12/12
  7253 | D:7      | Reached *** piety under Okawaru
  7330 | D:7      | Reached skill level 8 in Armour
  7400 | D:8      | Noticed a gargoyle
  7409 | D:8      | Killed a gargoyle
  7621 | D:7      | Reached **** piety under Okawaru
  8008 | D:8      | Identified the ring of the Firefly {Wiz rElec rN+ rCorr
                  | Slay+3}
  8114 | D:9      | Found a staircase to the Orcish Mines.
  8370 | D:9      | Reached XP level 11. HP: 66/66 MP: 14/14
  8420 | D:9      | Reached skill level 9 in Armour
  8421 | D:9      | Reached ***** piety under Okawaru
  8559 | D:9      | Reached skill level 5 in Invocations
  8637 | D:9      | Found Gyeck's Magic Scroll Emporium.
  9001 | D:9      | Found a viscous altar of Jiyva.
  9159 | D:9      | Found a glowing silver altar of Zin.
  9353 | D:10     | Entered Level 10 of the Dungeon
  9859 | D:5      | Killed Crazy Yiuf
 10095 | D:10     | Noticed Josephine
 10114 | D:10     | Killed Josephine
 10397 | D:10     | Noticed a cyclops
 10405 | D:10     | Killed a cyclops
 10405 | D:10     | Received a gift from Okawaru
 10406 | D:10     | Reached skill level 10 in Shields
 10506 | D:10     | Noticed a two-headed ogre
 10514 | D:10     | Killed a two-headed ogre
 10515 | D:10     | Reached skill level 10 in Armour
 11006 | D:11     | Noticed a two-headed ogre
 11020 | D:11     | Killed a two-headed ogre
 11021 | D:11     | Reached XP level 12. HP: 72/72 MP: 13/16
 11048 | D:11     | Noticed a two-headed ogre
 11057 | D:11     | Killed a two-headed ogre
 11058 | D:11     | Reached skill level 5 in Dodging
 11071 | D:11     | Reached skill level 5 in Evocations
 11110 | D:11     | Noticed a sun demon
 11237 | D:11     | Received a gift from Okawaru
 11559 | D:11     | Found a staircase to the Lair.
 11852 | D:11     | Found a portal to a secret trove of treasure.
 11908 | D:12     | Noticed a two-headed ogre
 11943 | D:12     | Killed a two-headed ogre
 12293 | D:12     | Reached skill level 11 in Armour
 12368 | D:12     | Found a stormy altar of Qazlal.
 12638 | D:9      | Bought a scroll of acquirement for 572 gold pieces
 12912 | D:13     | Noticed a catoblepas
 12927 | D:13     | Killed a catoblepas
 13105 | D:13     | Noticed a two-headed ogre
 13105 | D:13     | Noticed a centaur warrior
 13122 | D:13     | Killed a centaur warrior
 13128 | D:13     | Killed a two-headed ogre
 13129 | D:13     | Reached XP level 13. HP: 64/79 MP: 18/18
 13169 | D:13     | Received a gift from Okawaru
 13455 | Lair:1   | Entered Level 1 of the Lair of Beasts
 15054 | Lair:1   | Received a gift from Okawaru
 15140 | Lair:2   | Acquired a manual of Dodging
 15142 | Lair:2   | Acquired a manual of Armour
 15250 | Lair:2   | Reached skill level 12 in Armour
 15858 | Lair:2   | Reached skill level 10 in Long Blades
 15996 | Lair:2   | Received a gift from Okawaru
 16062 | Lair:3   | Noticed Amaemon
 16077 | Lair:3   | Killed Amaemon
 16103 | Lair:3   | Found a staircase to the Swamp.
 16280 | Lair:2   | Gained mutation: Your large and strong wings let you fly.
                  | [Gargoyle growth]
 16280 | Lair:2   | Reached XP level 14. HP: 85/86 MP: 19/19
 16425 | Lair:3   | Reached skill level 13 in Armour
 16485 | Lair:3   | Found a staircase to the Snake Pit.
 17017 | Lair:4   | Noticed Urug
 17029 | Lair:4   | Killed Urug
 17261 | Lair:4   | Received a gift from Okawaru
 17704 | Lair:4   | Reached ****** piety under Okawaru
 17706 | Lair:4   | Acquired the +8 demon blade "Leech" {evervamp, Harm Drain
                  | rN+}
 17706 | Lair:4   | Received a gift from Okawaru
 17706 | Lair:4   | Found the +8 demon blade "Leech" {evervamp, Harm Drain rN+}
 17708 | Lair:4   | Acquired the +4 pair of boots of Repulsion {+Blink Will-
                  | Str+4}
 17708 | Lair:4   | Received a gift from Okawaru
 17726 | Lair:4   | Received a gift from Okawaru
 18323 | Lair:4   | Found a viscous altar of Jiyva.
 18324 | Lair:4   | Found a staircase to the Slime Pits.
 18560 | Lair:5   | Entered Level 5 of the Lair of Beasts
 18604 | Lair:5   | Reached skill level 14 in Armour
 18998 | Lair:5   | Received a gift from Okawaru
 19106 | Lair:5   | Found a runed translucent gate.
 19106 | Lair:5   | Found a runed translucent gate.
 19107 | Lair:5   | Found a runed translucent gate.
 19109 | Lair:5   | Noticed Gadrel's ghost (journeyman NaGl)
 19129 | Lair:5   | Killed Gadrel's ghost
 19256 | Lair:5   | Reached XP level 15. HP: 70/92 MP: 21/21
 19360 | Lair:5   | Reached skill level 10 in Fighting
 19586 | Lair:5   | Reached skill level 15 in Armour
 19867 | Lair:5   | Received a gift from Okawaru
 20062 | Lair:5   | Identified the ring "Bugeucusigh" {rElec Will+ rCorr Str+6
                  | Int-3}
 20561 | Orc:1    | Entered Level 1 of the Orcish Mines
 20771 | Orc:1    | Found a frozen archway.
 20808 | IceCv    | Entered an ice cave
 20981 | IceCv    | Identified the ring of the Garden {rN++ MP+9 Str+2 Int-4
                  | Dex-4}
 21064 | Orc:1    | Found Panluop's Jewellery Emporium.
 21402 | Orc:1    | Found a runed translucent door.
 21404 | Orc:1    | Noticed a balrug
 21553 | Orc:2    | Entered Level 2 of the Orcish Mines
 21611 | Orc:2    | Noticed Jorgrun
 21635 | Orc:2    | Killed Jorgrun
 21635 | Orc:2    | Received a gift from Okawaru
 22311 | Orc:2    | Reached skill level 16 in Armour
 22341 | Orc:2    | Found Tenovol's Magic Scroll Emporium.
 22341 | Orc:2    | Found Jidanun's Weapon Boutique.
 22428 | Orc:2    | Found Wihipn's General Store.
 22428 | Orc:2    | Found Ovuepuz's Book Boutique.
 22705 | Orc:2    | Found a staircase to the Elven Halls.
 23908 | D:14     | Identified the +8 spear of Havoc {heavy, *Noise rElec rCorr
                  | Dex+2}
 24203 | D:14     | Reached XP level 16. HP: 96/99 MP: 23/23
 24270 | D:14     | Found a broken altar of Ashenzari.
 24637 | D:13     | Found a gate to the Vaults.
 24892 | D:15     | Entered Level 15 of the Dungeon
 25054 | D:15     | Reached skill level 17 in Armour
 25055 | D:15     | Identified the +4 rapier of Locus Delicti {heavy, rPois rF+
                  | rC+}
 25167 | D:15     | Found a sacrificial altar of Ru.
 25303 | D:15     | Found a runed translucent gate.
 25303 | D:15     | Found a runed translucent gate.
 25306 | D:15     | Found a runed translucent gate.
 25308 | D:15     | Noticed Tewoziw's ghost (journeyman FoFi)
 25545 | D:15     | Found a staircase to the Depths.
 25560 | D:15     | Received a gift from Okawaru
 25611 | D:15     | Reached skill level 15 in Shields
 25846 | D:15     | Reached skill level 10 in Invocations
 26242 | Vaults:5 | Identified the "Tamuck"
 26242 | Vaults:5 | Identified the "Urevimp"
 26242 | Crypt:3  | Identified the "Locwaub"
 26242 | Crypt:3  | Identified the "Sihotata"
 26242 | Depths:1 | Entered Level 1 of the Depths
 26564 | Swamp:1  | Entered Level 1 of the Swamp
 27546 | Swamp:1  | Noticed a tentacled monstrosity
 27572 | Swamp:1  | Killed a tentacled monstrosity
 27572 | Swamp:1  | Received a gift from Okawaru
 27624 | Swamp:1  | Reached skill level 10 in Dodging
 27682 | Swamp:1  | Reached skill level 18 in Armour
 27797 | Swamp:1  | Reached XP level 17. HP: 86/104 MP: 24/24
 28711 | Swamp:2  | Received a gift from Okawaru
 29948 | Swamp:4  | Entered Level 4 of the Swamp
 30256 | Swamp:4  | Received a gift from Okawaru
 30909 | Swamp:4  | Got a decaying rune of Zot
 30962 | Swamp:4  | Identified the +5 war axe of Inference {speed, rPois Str+2}
 30978 | Swamp:4  | Reached XP level 18. HP: 91/112 MP: 26/26
 31033 | Swamp:4  | Identified the +1 spear of Distraction {heavy, rC+}
 31496 | Snake:1  | Entered Level 1 of the Snake Pit
 31513 | Snake:1  | Received a gift from Okawaru
 32078 | Snake:1  | Identified the staff "Oziwn" {Str-5 Int+3 Dex+3 Earth}
 32085 | Snake:1  | Reached skill level 19 in Armour
 32223 | Snake:1  | Received a gift from Okawaru
 32410 | Snake:1  | Found a transporter.
 32410 | Snake:1  | Found Qeuc's Antique Armour Shoppe.
 32412 | Snake:1  | Found a transporter.
 32417 | Snake:1  | Bought a runed cloak for 232 gold pieces
 32727 | Snake:2  | Found Giaquaf's Jewellery Shop.
 33291 | Snake:2  | Identified the +4 acid dragon scales "Xirutytt" {-Cast
                  | rCorr Dex+5}
 33332 | Snake:2  | Identified the +3 glaive of Somewhere Else {drain, Str+2
                  | Int+3}
 33797 | Snake:2  | Acquired the +2 Maxwell's thermic engine {flame, freeze,
                  | rev}
 33797 | Snake:2  | Found the +2 Maxwell's thermic engine {flame, freeze, rev}
 34079 | Snake:3  | Identified the serpent talisman of Farfalle {Str+3 Dex+3
                  | Stlth+}
 34079 | Snake:3  | Noticed Aizul
 34091 | Snake:3  | Killed Aizul
 34212 | Snake:3  | Found a blossoming altar of Fedhas.
 34327 | Snake:3  | Received a gift from Okawaru
 34570 | Snake:4  | Entered Level 4 of the Snake Pit
 34717 | Snake:4  | Found Yroack's Tremendous Tomes.
 34885 | Snake:4  | Reached XP level 19. HP: 118/118 MP: 27/27
 35023 | Snake:4  | Reached skill level 10 in Evocations
 35067 | Snake:4  | Received a gift from Okawaru
 35135 | Snake:4  | Got a serpentine rune of Zot
 35993 | D:15     | Killed Tewoziw's ghost
 36148 | Depths:1 | Received a gift from Okawaru
 36228 | Depths:1 | Found a one-way gateway to a ziggurat.
 36236 | Depths:1 | Found a gateway to Hell.
 36739 | Depths:1 | Reached skill level 15 in Long Blades
 37214 | Depths:1 | Received a gift from Okawaru
 37570 | Depths:2 | Reached skill level 20 in Armour
 37960 | Depths:2 | Found a shadowy altar of Dithmenos.
 38069 | Depths:2 | Found a one-way gate leading to the halls of Pandemonium.
 38235 | Depths:2 | Reached XP level 20. HP: 92/124 MP: 22/29
 38994 | Depths:3 | Noticed Frederick
 39041 | Depths:2 | Killed Frederick
 39378 | Depths:3 | Noticed Norris
 39396 | Depths:3 | Killed Norris
 39457 | Depths:3 | Found a one-way gate to the infinite horrors of the Abyss.
 39809 | Depths:3 | Noticed a juggernaut
 39833 | Depths:3 | Killed a juggernaut
 39833 | Depths:3 | Received a gift from Okawaru
 40201 | Depths:4 | Entered Level 4 of the Depths
 40202 | Depths:4 | Noticed a juggernaut
 40222 | Depths:3 | Killed a juggernaut
 40806 | Depths:4 | Noticed a caustic shrike
 40816 | Depths:3 | Received a gift from Okawaru
 40821 | Depths:4 | Noticed a caustic shrike
 40821 | Depths:4 | Noticed a caustic shrike
 40822 | Depths:4 | Noticed a caustic shrike
 40834 | Depths:3 | Killed a caustic shrike
 41147 | Depths:3 | Killed a caustic shrike
 41153 | Depths:3 | Killed a caustic shrike
 41170 | Depths:3 | Killed a caustic shrike
 41238 | Depths:4 | Reached XP level 21. HP: 131/131 MP: 30/30
 41516 | Depths:4 | Noticed a golden dragon
 41537 | Depths:4 | Killed a golden dragon
 41550 | Depths:4 | Noticed a golden dragon
 41566 | Depths:4 | Reached skill level 21 in Armour
 41571 | Depths:4 | Killed a golden dragon
 41984 | Depths:4 | Noticed Mennas
 42003 | Depths:4 | Killed Mennas
 42259 | Depths:4 | Noticed a golden dragon
 42271 | Depths:4 | Killed a golden dragon
 42391 | Depths:4 | Noticed a golden dragon
 42438 | Depths:4 | Killed a golden dragon
 42556 | Depths:4 | Found a gate to the Realm of Zot.
 42562 | Depths:4 | Identified the quicksilver dragon scales of Furph {+Inv
                  | Will+}
 42711 | Depths:4 | Received a gift from Okawaru
 42887 | Depths:4 | Identified the +1 ring mail of Amelioration {Regen+ Dex+5}
 43201 | Vaults:1 | Entered Level 1 of the Vaults
 43741 | D:1      | Bought a potion of heal wounds for 70 gold pieces
 43741 | D:1      | Bought a potion of ambrosia for 112 gold pieces
 43741 | D:1      | Bought a potion of curing for 42 gold pieces
 43741 | D:1      | Bought a potion of mutation for 112 gold pieces
 43741 | D:1      | Bought a potion of curing for 42 gold pieces
 43741 | D:1      | Bought 2 potions of heal wounds for 140 gold pieces
 43741 | D:1      | Bought a potion of ambrosia for 112 gold pieces
 43828 | D:1      | Bought a scroll of revelation for 75 gold pieces
 43828 | D:1      | Bought a scroll of noise for 10 gold pieces
 43828 | D:1      | Bought a scroll of immolation for 40 gold pieces
 43828 | D:1      | Bought a scroll of immolation for 40 gold pieces
 43828 | D:1      | Bought a scroll of teleportation for 30 gold pieces
 43828 | D:1      | Bought a scroll of enchant weapon for 75 gold pieces
 43828 | D:1      | Bought a scroll of revelation for 75 gold pieces
 43886 | D:2      | Bought a scroll of teleportation for 33 gold pieces
 43886 | D:2      | Bought a scroll of teleportation for 33 gold pieces
 43886 | D:2      | Bought a scroll of teleportation for 33 gold pieces
 43886 | D:2      | Bought 3 scrolls of fear for 132 gold pieces
 43886 | D:2      | Bought a scroll of blinking for 82 gold pieces
 43886 | D:2      | Bought a scroll of fear for 44 gold pieces
 44080 | D:9      | Bought a scroll of revelation for 82 gold pieces
 44080 | D:9      | Bought a scroll of fog for 44 gold pieces
 44080 | D:9      | Bought a scroll of enchant armour for 82 gold pieces
 44080 | D:9      | Bought a scroll of teleportation for 33 gold pieces
 44080 | D:9      | Bought a scroll of immolation for 44 gold pieces
 44167 | Orc:2    | Bought a scroll of fear for 60 gold pieces
 44167 | Orc:2    | Bought 3 scrolls of fog for 180 gold pieces
 44167 | Orc:2    | Bought a scroll of enchant weapon for 112 gold pieces
 44167 | Orc:2    | Bought 3 scrolls of poison for 180 gold pieces
 45240 | Vaults:1 | Reached XP level 22. HP: 138/138 MP: 32/32
 46598 | Vaults:2 | Received a gift from Okawaru
 46601 | Vaults:2 | Reached skill level 22 in Armour
 46978 | Vaults:2 | Identified the +2 triple crossbow of timneilson's Anguish
                  | {flame, rPois Will- Dex+4}
 47164 | Vaults:3 | You are sucked into a shaft and drop 1 floor!
 47353 | Vaults:4 | Received a gift from Okawaru
 47697 | Vaults:4 | Reached skill level 15 in Fighting
 48208 | Vaults:3 | Reached XP level 23. HP: 54/144 MP: 33/33
 48552 | Vaults:3 | Found a transporter.
 48605 | Vaults:3 | Found a bloodstained altar of Trog.
 48605 | Vaults:3 | Found the necklace of Bloodlust {Fury *Rage Will++ Int-3
                  | Slay+6}
 48872 | Vaults:3 | Received a gift from Okawaru
 48899 | Vaults:3 | Found a staircase to the Crypt.
 49112 | Vaults:3 | Noticed Mara
 49114 | Vaults:3 | Noticed timneilson's illusion
 49187 | Vaults:3 | Noticed timneilson's illusion
 49228 | Vaults:3 | Killed Mara
 49380 | Vaults:3 | Noticed Margery
 49396 | Vaults:3 | Killed Margery
 49868 | Vaults:4 | Found the +9 scales of the Dragon King {rPois rF+ rC+
                  | Will+}
 50109 | Vaults:5 | Entered Level 5 of the Vaults
 50315 | Vaults:4 | Received a gift from Okawaru
 50688 | Vaults:5 | Identified the +5 broad axe of Circularity {venom, *Noise
                  | rElec Dex+3}
 50838 | Vaults:5 | Noticed Sojobo
 50852 | Vaults:5 | Killed Sojobo
 51023 | Vaults:5 | Received a gift from Okawaru
 51040 | Vaults:5 | Got a silver rune of Zot
 51054 | Vaults:5 | Identified the ring of Kuirghix {rF++ Will+ Str-2 Dex+6
                  | SInv}
 51159 | Vaults:5 | Reached skill level 23 in Armour
 51159 | Vaults:5 | Reached XP level 24. HP: 151/151 MP: 34/34
 51336 | Vaults:5 | Identified the +2 sling of Focus {flame, Int+5}
 51339 | Vaults:5 | Reached skill level 15 in Invocations
 51343 | Vaults:5 | Identified the +4 dire flail "Jaefroix" {protect, rPois rF+
                  | MP-9 Str+3}
 51728 | Vaults:5 | Gained mutation: You occasionally shout uncontrollably at
                  | your foes. [a cacodemon]
 52875 | Elf:1    | Entered Level 1 of the Elven Halls
 52947 | Elf:1    | Received a gift from Okawaru
 53271 | Elf:1    | Paralysed by an air elemental for 1 turns
 53513 | Elf:1    | Found Aiepoamp's Alliterative Armaments.
 53549 | Elf:1    | Found a transporter.
 53551 | Elf:1    | Noticed R007833r's ghost (adept MiBe)
 53610 | Elf:1    | Found Beol's Jewellery Shoppe.
 53680 | Elf:1    | Found an ancient bone altar of Kikubaaqudgha.
 53696 | Elf:1    | Found a transporter.
 53787 | Elf:1    | Identified the +4 whip "Aklygra" {heavy, rF+}
 54178 | Elf:2    | Received a gift from Okawaru
 54231 | Elf:2    | Found Tyalopna's Assorted Antiques.
 54251 | Elf:2    | Found Liawees's Magic Scroll Emporium.
 54441 | Elf:2    | Found a runed translucent gate.
 54441 | Elf:2    | Found a runed translucent gate.
 54441 | Elf:2    | Found a runed translucent gate.
 54531 | Elf:2    | Found Boegud's Assorted Antiques.
 54568 | Elf:2    | Identified the +0 buckler of the Insatiable Queens {rF+ rN+
                  | Int+3}
 54689 | Elf:2    | Found Apnoem's Jewellery Boutique.
 54837 | Elf:2    | Noticed Louise
 54865 | Elf:2    | Killed Louise
 54866 | Elf:2    | Noticed Donald
 54912 | Elf:2    | Killed Donald
 54920 | Elf:2    | Noticed Saint Roka
 54959 | Elf:2    | Killed Saint Roka
 55463 | Elf:3    | Identified the of Imuruusch
 55463 | Elf:3    | Identified the of Geetebliajua
 55463 | Elf:3    | Identified the "Sucompah"
 55463 | WizLab   | Identified the of Duerem
 55463 | Elf:3    | Entered Level 3 of the Elven Halls
 55502 | Elf:3    | Found a magical portal.
 55528 | Elf:3    | Reached XP level 25. HP: 157/157 MP: 34/34
 55531 | WizLab   | Entered The Chambers of the Cloud Mage
 55698 | WizLab   | Paralysed by an air elemental for 1 turns
 55747 | WizLab   | Paralysed by an air elemental for 1 turns
 55802 | WizLab   | Paralysed by an air elemental for 1 turns
 55867 | WizLab   | Paralysed by you for 5 turns
 57275 | Elf:3    | Identified the ring of Menou {rC+ MP+9 Int-5 Dex+3}
 57552 | Elf:3    | Identified the +3 ring mail of Context {+Inv}
 57654 | Elf:3    | Reached skill level 24 in Armour
 57687 | Elf:3    | Identified the +10 spear "Fedoh" {heavy, rPois rF++}
 57699 | Elf:3    | Identified the +1 spear "Grum" {freeze, rPois Will- SInv}
 57930 | Elf:2    | Bought a scroll of enchant armour for 82 gold pieces
 57930 | Elf:2    | Bought a scroll of revelation for 82 gold pieces
 57930 | Elf:2    | Bought 3 scrolls of teleportation for 99 gold pieces
 58594 | Zot:1    | Entered Level 1 of the Realm of Zot
 58767 | Depths:4 | Received a gift from Okawaru
 59853 | Zot:2    | Identified the "Xewnuss"
 60603 | Zot:2    | Reached XP level 26. HP: 51/165 MP: 6/35
 61686 | Zot:2    | Received a gift from Okawaru
 62248 | Crypt:1  | Entered Level 1 of the Crypt
 62439 | Vaults:3 | Found a transporter.
 62439 | Vaults:3 | Found a runed translucent door.
 62467 | Vaults:3 | Identified the +11 broad axe of the Big Bang {flame, rElec
                  | rF+ Int-5 Dex+6}
 62488 | Vaults:3 | Identified the +6 chain mail of Rad Wups {rC+ Int+3 Stlth+}
 63715 | Crypt:2  | Reached skill level 15 in Dodging
 63914 | Crypt:2  | Noticed Goociwk's ghost (adept GrFi)
 63927 | Crypt:2  | Found a runed translucent gate.
 63927 | Crypt:2  | Found a runed translucent gate.
 63928 | Crypt:2  | Found a runed translucent gate.
 64465 | Crypt:3  | Entered Level 3 of the Crypt
 64561 | Crypt:3  | Identified the +10 battleaxe of Neacs {freeze, rElec rPois
                  | rN++ rCorr}
 64844 | Crypt:3  | Reached skill level 25 in Armour
 64881 | Crypt:3  | Received a gift from Okawaru
 65758 | Crypt:3  | Reached XP level 27. HP: 141/172 MP: 35/35
 66015 | Crypt:3  | Found a staircase to the Tomb.
 66168 | Crypt:3  | Acquired 712 gold pieces
 66238 | Crypt:3  | Noticed Jory
 66255 | Crypt:3  | Killed Jory
 66257 | Crypt:3  | Received a gift from Okawaru
 66943 | Zot:3    | Identified the +5 ring mail "Xyv Suwi" {Slay+2}
 68254 | Zot:4    | Received a gift from Okawaru
 68958 | Zot:5    | Entered Level 5 of the Realm of Zot
 69568 | Zot:5    | Received a gift from Okawaru
 69576 | Zot:5    | Noticed an ancient lich
 69588 | Zot:5    | Killed an ancient lich
 69668 | Zot:5    | Noticed an orb of fire
 69775 | Zot:5    | Killed an orb of fire
 70018 | Zot:5    | Noticed an ancient lich
 70040 | Zot:5    | Killed an ancient lich
 70272 | Zot:5    | Noticed an ancient lich
 70307 | Zot:5    | Killed an ancient lich
 70708 | Zot:5    | Reached skill level 26 in Armour
 70747 | Zot:5    | Reached skill level 15 in Evocations
 71150 | Zot:5    | Received a gift from Okawaru
 71164 | Zot:5    | Noticed an orb of fire
 71183 | Zot:5    | Noticed an ancient lich
 71185 | Zot:5    | Noticed an orb of fire
 71188 | Zot:5    | Gained mutation: You do not regenerate when monsters are
                  | visible. [an orb of fire]
 71190 | Zot:5    | Killed an orb of fire
 71198 | Zot:5    | Noticed an ancient lich
 71200 | Zot:5    | Gained mutation: You occasionally lose the ability to drink
                  | potions when taking damage. [an orb of fire]
 71209 | Zot:5    | Killed an orb of fire
 71226 | Zot:5    | Killed an ancient lich
 71235 | Zot:5    | Killed an ancient lich
 71355 | Zot:5    | Lost mutation: You occasionally lose the ability to drink
                  | potions when taking damage. [potion of mutation]
 71355 | Zot:5    | Lost mutation: You occasionally shout uncontrollably at
                  | your foes. [potion of mutation]
 71355 | Zot:5    | Gained mutation: You have a pair of small horns on your
                  | head. [potion of mutation]
 71355 | Zot:5    | Gained mutation: You are covered in fur. (AC +1) [potion of
                  | mutation]
 71356 | Zot:5    | Lost mutation: You are covered in fur. (AC +1) [potion of
                  | mutation]
 71356 | Zot:5    | Lost mutation: You have a pair of small horns on your head.
                  | [potion of mutation]
 71356 | Zot:5    | Lost mutation: You do not regenerate when monsters are
                  | visible. [potion of mutation]
 71356 | Zot:5    | Gained mutation: You are partially covered in iridescent
                  | scales. (AC +2) [potion of mutation]
 71356 | Zot:5    | Gained mutation: You are agile. (Dex +4, Str/Int -1)
                  | [potion of mutation]
 71596 | Zot:5    | Identified the scarf "Qiniad" {repulsion, rElec rF+ Str+3
                  | Dex-5}
 72835 | Zot:5    | Got the Orb of Zot
 73082 | Depths:3 | Noticed Zirghat the pandemonium lord
 73097 | Depths:2 | Noticed Hesicluv the pandemonium lord
 73141 | Depths:1 | Noticed Fecadeow the pandemonium lord
 73156 | D:15     | Noticed Xatulel the pandemonium lord
 73293 | D:6      | Noticed Ibuvecut the pandemonium lord
 73359 | D:5      | Noticed a seraph
 73405 | D:4      | Noticed a seraph
 73501 | D:$      | Escaped with the Orb!

Illustrated notes

Levels and vault maps discovered:
D:1:      co_arrival_random_square_maze, layout_loops_ring, serial_shops,
          nicolae_shop_gaudy_bauble, shop, nicolae_shop_rolled_up,
          nicolae_shop_tiny_glass, nicolae_shop_waterfront,
          minmay_split_cup_large
D:2:      layout_rooms, basic_altar, serial_shops, shop, shop, shop,
          nicolae_shop_pleasant_corner_grove, kennysheep_small_spiral,
          uniq_robin, uniq_terence
D:3:      layout_loops_cross, kennysheep_doodads, st_stairs_12
D:4:      layout_rooms, lemuel_tele_altar, minmay_temple_entry_from_below_a,
          serial_corexii_hall, chequers_hall_statues_corner_a,
          chequers_hall_statues_y, grunt_tough_drop, uniq_edmund,
          uniq_blork_the_orc
D:5:      layout_cave_pools, serial_shops, shop, uniq_crazy_yiuf_cottage,
          uniq_prince_ribbit1
D:6:      layout_loops_ring, chequers_big_river, lightli_orcish_oven
D:7:      layout_gridville, serial_co_window_serial, co_window_of_opportunity_a,
          co_window_paths_a, co_window_paths_a, co_window_corner_a,
          co_window_of_opportunity_a, co_window_paths_c, co_window_2corner,
          co_window_of_opportunity_c, co_window_corner_b, co_window_broadway_b,
          co_window_of_opportunity_b, co_window_broadway_b, co_window_paths_e,
          co_window_paths_d, glass_columns_a, glass_columns_b,
          minmay_misc_feat_chi
D:8:      layout_cave_pools, minivault_21, minmay_misc_feat_plants
D:9:      layout_gridville, general_overflow_altar, david_orc_3, serial_shops,
          nicolae_shop_stone, chequers_serial_rivers_large_a, jiyva_altar_1
D:10:     layout_basic, uniq_josephine
D:11:     layout_big_octagon, erik_lair_dragon, nicolae_trove_entry_diagonal
D:12:     layout_loops_ring, grunt_qazlal_clouds
D:13:     layout_roguey, grunt_vaults_entry_tiered
D:14:     layout_roguey, evilmike_ruin_ashenzari
D:15:     gammafunk_enter_depths_forms, layout_irregular_city,
          nicolae_ru_sacrificial_ziggurat, gammafunk_ghost_necromancy
Temple:   mainiacjoe_temple_big_plus
Lair:1:   statuecave_lemuel, layout_cave_pods
Lair:2:   layout_chaotic_city, columned_hall_lemuel
Lair:3:   layout_gridlike, minmay_swamp_entry_reptiles,
          nicolae_snake_entry_squirm, infiniplex_staircase_pool,
          grunt_megastairs_1, uniq_amaemon
Lair:4:   layout_long_grid, slime_entry_1, kilobyte_rumbling_trees, uniq_urug
Lair:5:   evilmike_catoblepas_cave, layout_concentric_octagons,
          ebering_ghost_rock_garden
Swamp:1:  nicolae_swamp_flooded_prison, layout_basic_swamp, serial_swamp_ruin,
          hangedman_swamp_ruin_wall, evilmike_swamp_ruin_house_1, swamp_pool3,
          nicolae_swamp_spriggan_camp
Swamp:2:  nicolae_swamp_phyte_club, layout_basic_swamp,
          evilmike_swamp_ruin_rubble_1
Swamp:3:  layout_basic_swamp, evilmike_swamp_ruin_house_4
Swamp:4:  swamp_fiery, layout_basic_swamp
Snake:1:  layout_rooms, serial_shops, nicolae_shop_drivethru,
          nicolae_snake_snakewalk
Snake:2:  layout_cave_shapes, serial_shops, shop, nicolae_snake_boneroom,
          nicolae_triple_integral
Snake:3:  layout_gridlike, basic_altar, uniq_aizul
Snake:4:  grunt_snake_rune_pools, layout_misc_corridors, grunt_ministairs_10,
          nicolae_snake_squiggles, nicolae_shop_i_like_big_books, st_stairs_2
Orc:1:    dreamdust_dug_too_deep, layout_diamond_mine, serial_shops,
          nicolae_diamond_shop, portal_ice_cave_entry_ice_simulacra
Orc:2:    st_orc_town, layout_diamond_mine, statue_in_the_mist_lemuel,
          guppyfry_library_mini, uniq_jorgrun
Elf:1:    eino_elf_arrival_customs, layout_geoelf_octagon, basic_altar,
          gammafunk_ghost_arena, serial_shops, shop, hangedman_elf_represent,
          monkooky_shop_alliterative
Elf:2:    elven_hall_of_blades_hangedman_original
          [nicolae_blade_entry_hurt_lockers], layout_geoelf_octagon,
          serial_shops, nicolae_shop_gaudy_bauble, nicolae_diamond_shop,
          nicolae_diamond_shop, nicolae_take_the_stairs, st_stairs_12,
          uniq_louise, uniq_donald, uniq_saint_roka
Elf:3:    minmay_elf_hall_quartered_circle, layout_geoelf_castle,
          mu_enter_wizlab_1
Vaults:1: nicolae_vaults_offset_grid_hallway_1, v_misc_29,
          nicolae_vaults_two_Ls, nicolae_vaults_ninety_degrees,
          nicolae_vaults_rhombus_5, nicolae_vaults_tetromino_T_2,
          nicolae_vaults_storage_room_statues, nicolae_vaults_border_crossing,
          layout_vaults_omnigrid
Vaults:2: nicolae_vaults_little_squares_1, hangedman_vaults_variations, st_star,
          ontoclasm_vaults_twist, nicolae_vaults_storage_closets_3,
          hangedman_vaults_nails, vaults_room_ringed_pool,
          nicolae_vaults_steering_wheel, v_misc_15, vaults_dpeg_diagonal,
          v_misc_13, nicolae_vaults_yaktaur_gun_rack, v_misc_27,
          nicolae_vaults_hexular_roomagon, v_misc_13, vaults_dpeg_encased_lava,
          layout_vaults_maze_bifur
Vaults:3: nicolae_vaults_spaceships, emtedronai_trogs_sanctum, serial_ice_h,
          minmay_crypt_entry_simple_round, vaults_mumra_chevron, v_misc_14,
          nicolae_vaults_surprise_closet, nicolae_vaults_little_squares_2,
          nicolae_vaults_gold_heap, dpeg_vaults_monster_box,
          grunt_vaults_hallway_short, nicolae_vaults_trapezoid_3,
          nicolae_vaults_two_Ls, nicolae_vaults_little_squares_3,
          layout_vaults_omnibox, uniq_mara, uniq_margery
Vaults:4: v_misc_25, v_misc_3, nicolae_vaults_apartment_1,
          vaults_standard_mumra_lines, ontoclasm_vaults_shuriken,
          nicolae_vaults_mitosis, v_misc_14, v_misc_2,
          nicolae_vaults_storage_closets_2, nicolae_vaults_theta,
          nicolae_vaults_trapezoid_lopsided_4, v_misc_19,
          nicolae_vaults_closet_pinwheel_4, nicolae_vaults_trapezoid_lopsided_1,
          layout_vaults_ring
Vaults:5: uniq_sojobo
Crypt:1:  layout_regular_city, serial_sigils_hangedman_snap
Crypt:2:  layout_rooms, ebering_ghost_rock_garden,
          nicolae_elevator_lobby_asterisk
Crypt:3:  due_elkab, layout_chaotic_city, tomb_entry_simple_bobbens,
          minivault_26, lemuel_freeze_loot_1
Depths:1: layout_cave_pools, enter_ziggurat_d, hell_entry, minmay_misc_feat_iff,
          feat_on_display
Depths:2: nicolae_cairo_tiling_very_big, layout_cave_pools,
          grunt_dithmenos_smoke, rand_demon_pan_entry_4, hell_entry
Depths:3: minmay_mutant_horseshoe, layout_cave_pools, hangedman_decor_slide_cut,
          abyss_entry, grunt_metal_band, kennysheep_another_room,
          serial_bayou_shore_b, infiniplex_staircase_hallway_doors, uniq_norris,
          uniq_frederick
Depths:4: lemuel_castle_with_subvaults [lemuel_castle_interior_carwin_1],
          layout_cave_shapes, hell_entry, serial_glass, glass_columns_a,
          glass_columns_c, uniq_mennas
Zot:1:    layout_onion_interference, regret_index_zotdec_barnacled_simple
Zot:2:    kennysheep_blocky_room, layout_concentric_octagons,
          regret_index_zotdec_carving_tricks, grunt_ministairs_8
Zot:3:    layout_concentric_octagons, kennysheep_underground_church
Zot:4:    lemuel_draconian_sentries, layout_basic,
          regret_index_zotdec_misc_clamp
Zot:5:    layout_gridlike, grunt_ministairs_5, nicolae_lava_and_water,
          lemuel_flame_loot_1

Skill      XL: |  1  2  3  4  5  6  7  8  9 10 11 12 13 14 15 16 17 18 19 20 21 22 23 24 25 26 27 |
---------------+----------------------------------------------------------------------------------+-----
Long Blades    | 2 3 4 5 6 7 8 9 10 11 12 13 14 15 16 17 18 19 20 21 | 21.2
Shields        | 4 5 6 7 9 10 11 12 13 14 15 16 17 18 19 20 21 22 23 24 | 24.9
Armour         | 4 5 6 7 8 10 11 12 14 16 18 19 20 21 22 23 24 25 26 | 26.2
Dodging        | 1 2 3 4 5 6 7 9 10 11 12 13 14 15 | 15.8
Fighting       | 4 5 6 7 8 9 10 11 12 13 14 15 16 17 18 | 18.4
Invocations    | 1 2 3 4 5 6 7 8 9 10 11 12 13 14 15 16 17 | 17.7
Evocations     | 1 3 4 5 6 7 8 9 10 11 12 13 14 15 | 15.1

Action                     |  1- 3 |  4- 6 |  7- 9 | 10-12 | 13-15 | 16-18 | 19-21 | 22-24 | 25-27 || total
---------------------------+-------+-------+-------+-------+-------+-------+-------+-------+-------++-------
  Melee: Long sword        |   111 |   176 |   377 |   474 |    25 |       |       |       |       ||  1163
         Scimitar          |       |       |       |       |  1716 |  1896 |       |       |       ||  3612
         Double sword      |       |       |       |       |       |   106 |  1466 |  1806 |  2560 ||  5938
 Invoke: Heroism           |       |       |     2 |    12 |    18 |    22 |    28 |    23 |    28 ||   133
         Finesse           |       |       |       |     3 |     4 |     7 |    10 |     9 |    14 ||    47
         Receive Weapon    |       |       |       |       |     1 |       |       |       |       ||     1
         Receive Armour    |       |       |       |       |     1 |       |       |       |       ||     1
  Evoke: Wand              |       |       |       |     1 |     4 |     6 |     3 |     5 |    16 ||    35
         Tin of tremorston |       |       |       |       |       |       |       |     4 |     2 ||     6
    Use: Scroll            |     4 |     8 |     4 |     6 |     9 |     4 |     5 |     3 |    11 ||    54
         Potion            |     1 |     3 |       |     1 |     5 |     1 |    10 |     8 |    11 ||    40
   Stab: Petrified         |       |       |       |     3 |       |       |       |       |       ||     3
         Confused          |       |       |       |       |       |     2 |       |       |     5 ||     7
         Petrifying        |       |       |       |       |       |       |       |       |     3 ||     3
 Armour: Scale mail        |    50 |       |       |       |       |       |       |       |       ||    50
         Chain mail        |    31 |   148 |   364 |   357 |       |       |       |       |       ||   900
         Plate armour      |       |       |       |    34 |  1065 |   390 |       |       |       ||  1489
         Crystal plate arm |       |       |       |       |       |   735 |   566 |       |       ||  1301
         Gold dragon scale |       |       |       |       |       |       |   243 |   758 |  1369 ||  2370
         Skin              |       |       |       |       |       |       |       |       |     7 ||     7
  Dodge: Dodged            |    44 |    73 |   189 |   239 |   533 |   486 |   330 |   370 |   603 ||  2867
  Block: Buckler           |    23 |    26 |   221 |   341 |  1043 |   337 |       |       |       ||  1991
         Reflection        |       |       |     4 |    24 |    22 |   115 |    49 |   130 |    70 ||   414
         Tower shield      |       |       |       |       |       |  1694 |  1651 |  1923 |  2971 ||  8239

Table legend: (Time is in decaauts)
 A = Elapsed time spent in this place.
 B = Non-inter-level travel time spent in this place.
 C = Inter-level travel time spent in this place.
 D = Time resting spent in this place.
 E = Time spent auto-exploring this place.
 F = Levels seen in this place.
 G = Mean time per level.
                   A        B        C        D        E       F      G
               +--------+--------+--------+--------+--------+-----+--------+
         Total |  71361 |  63366 |   7995 |   7483 |  30240 |  53 | 1346.4 |
       Dungeon |  20720 |  16477 |   4243 |   1818 |   7781 |  15 | 1381.3 |
        Temple |     45 |      2 |     43 |      0 |      0 |   1 |   45.0 |
          Lair |   7376 |   6785 |    591 |    866 |   3855 |   5 | 1475.2 |
         Swamp |   4334 |   4202 |    132 |    846 |   1497 |   4 | 1083.5 |
     Snake Pit |   4000 |   3729 |    271 |     87 |   2070 |   4 | 1000.0 |
  Orcish Mines |   2270 |   1943 |    327 |      0 |   1044 |   2 | 1135.0 |
   Elven Halls |   4498 |   4147 |    351 |    503 |   2163 |   3 | 1499.3 |
        Vaults |   8778 |   8009 |    769 |    651 |   4342 |   5 | 1755.6 |
         Crypt |   3299 |   3117 |    182 |      0 |   1791 |   3 | 1099.7 |
        Depths |   7507 |   6826 |    681 |   1494 |   3017 |   4 | 1876.8 |
           Zot |   7785 |   7382 |    403 |   1158 |   2347 |   5 | 1557.0 |
      Ice Cave |    235 |    235 |      0 |     51 |     42 |   1 |  235.0 |
        Wizlab |    508 |    508 |      0 |      9 |    291 |   1 |  508.0 |
               +--------+--------+--------+--------+--------+-----+--------+

Top non-repeatable levels by time:
   Zot:5: 2831 daAuts
Depths:4: 2679 daAuts
Vaults:3: 2319 daAuts
    D:15: 2130 daAuts
Depths:3: 2107 daAuts
     D:7: 1971 daAuts
   Zot:2: 1919 daAuts
   Elf:3: 1901 daAuts
    D:10: 1878 daAuts
Vaults:4: 1877 daAuts
Vaults:5: 1771 daAuts
    D:13: 1745 daAuts
 Crypt:3: 1737 daAuts
  Lair:1: 1734 daAuts
  Lair:3: 1732 daAuts
